 Dungeon Crawl Stone Soup version 0.31-a0-986-g5e6e4ef867 (webtiles) character file.

Game seed: 11657033610479023169

8091 grandjackal the Fighter (level 11, -3/87 HPs)
             Began as a Demonspawn Gladiator on Nov 17, 2023.
             Was a Priest of Okawaru.
             Slain by a fire crab (12 damage)
             ... on level 11 of the Dungeon.
             The game lasted 00:18:25 (9644 turns).

grandjackal the Fighter (Demonspawn Gladiator)      Turns: 9644, Time: 00:18:26

Health: -3/87      AC: 16    Str: 17    XL:     11   Next: 5%
Magic:  14/14      EV: 26    Int: 13    God:    Okawaru [***...]
Gold:   578        SH:  0    Dex: 16    Spells: 10/10 levels left

rFire   . . .        t - +2 dagger (venom)
rCold   . . .        (no shield)
rNeg    . . .        H - +0 troll leather armour {Pargi}
rPois   .            j - +0 helmet {Int+3}
rElec   .            k - +0 cloak
rCorr   .            E - +0 pair of gloves
SInv    .            M - +0 pair of boots
Will    .....        (no amulet)
Stlth   +            b - +5 ring of evasion
HPRegen 3.14/turn    L - +5 ring of evasion
MPRegen 0.14/turn

%: no passive effects
@: sanguine armoured, hasted, very quick
A: foul stench 1, powered by death 3, sanguine armour 2
a: Renounce Religion, Heroism


You were on level 11 of the Dungeon.
You worshipped Okawaru.
Okawaru was most pleased with you.
You visited 2 branches of the dungeon, and saw 12 of its levels.
You also visited: Sewer.

You collected 748 gold pieces.
You spent 170 gold pieces at shops.

Inventory:

Hand Weapons
 a - a +0 long sword
 t - a +2 dagger of venom (weapon)
 w - a +0 sling
 Q - a +0 great sword
Missiles
 d - 3 throwing nets (quivered)
 e - 11 javelins
 o - 26 poisoned darts
Armour
 j - a +0 helmet of intelligence (worn)
 k - a +0 cloak (worn)
 E - a +0 pair of gloves (worn)
 H - a +0 troll leather armour (worn) {Pargi}
 M - a +0 pair of boots (worn)
Jewellery
 b - a +5 ring of evasion (left hand)
 L - a +5 ring of evasion (right hand)
 P - a ring of protection from cold
Wands
 p - a wand of polymorph (5)
 A - a wand of flame (50)
 N - a wand of roots (4)
 O - a wand of mindburst (4)
Scrolls
 c - 2 scrolls of immolation {unknown}
 i - a scroll of torment {unknown}
 l - a scroll of noise {unknown}
 m - a scroll of butterflies {unknown}
 v - 2 scrolls of poison {unknown}
 x - a scroll of brand weapon {unknown}
 y - 2 scrolls of fog {unknown}
 C - 3 scrolls of enchant weapon {unknown}
 D - 3 scrolls of teleportation {unknown}
 G - 2 scrolls of silence
 I - a scroll of vulnerability
 J - 2 scrolls of fear {unknown}
Potions
 f - 2 potions of lignification
 g - 5 potions of attraction {unknown}
 h - a potion of invisibility
 n - 4 potions of curing
 q - 3 potions of might
 r - a potion of cancellation
 s - 4 potions of heal wounds
 u - a potion of magic
 z - 3 potions of mutation
 B - a potion of ambrosia
 F - a potion of haste
 K - 2 potions of brilliance {unknown}


   Skills:
 + Level 8.6 Fighting
 + Level 8.2 Long Blades
 + Level 6.3 Ranged Weapons
 - Level 4.3 Throwing
 + Level 8.2 Dodging
 + Level 4.8 Invocations


You had 10 spell levels left.
You didn't know any spells.
Your spell library contained the following spells:

 Spells                   Type           Power      Damage    Failure   Level
 Freeze                   Ice            0%         1d3       36%         1
 Sting                    Tmut/Pois      0%         1d3       36%         1
 Ensorcelled Hibernation  Hex/Ice        0%         N/A       50%         2
 Passwall                 Tmut/Erth      0%         N/A       50%         2
 Poisonous Vapours        Pois/Air       0%         N/A       50%         2
 Static Discharge         Conj/Air       0%         3-3/arc   50%         2
 Dazzling Flash           Conj/Hex       0%         N/A       75%         3
 Frozen Ramparts          Ice            0%         1d1       75%         3
 Hailstorm                Conj/Ice       0%         3d3       75%         3
 Swiftness                Air            0%         N/A       75%         3
 Airstrike                Air            0%         2d(0-16)  98%         4
 Olgreb's Toxic Radiance  Pois           0%         N/A       98%         4
 Agony                    Necr           0%         N/A       100%        5
 Silence                  Hex/Air        0%         N/A       100%        5
 Summon Lightning Spire   Summ/Air       Unusable   N/A       N/A         4

Dungeon Overview and Level Annotations

Branches:
Dungeon (11/15)            Temple (1/1) D:5            Lair (0/5) D:11
  Sewer (visited)
    Orc: D:9-12

Altars:
Ashenzari
Cheibriados
Dithmenos
Fedhas
Gozag
Hepliaklqana
Kikubaaqudgha
Makhleb
Nemelex Xobeh
Okawaru
Qazlal
Ru
Sif Muna
Trog
Uskayaw
Vehumet
Wu Jian
Xom
Yredelemnul
Jiyva

Shops:
D:1 (   D:3 !

Annotations:
D:5 2 runed translucent doors, Wiilli's ghost, novice SpVM


Innate Abilities, Weirdness & Mutations

You may rarely emit foul miasma when damaged in melee.
You regenerate a lot of health from kills.
When seriously injured, your blood forms thick armour. (AC +9)


Message History

The killer bee is heavily wounded.
The killer bee completely misses you. x2
You barely miss the killer bee.
The killer bee is almost dead.
You kill the killer bee!
Okawaru accepts your kill. The fire crab breathes flames at you.
The blast of flame engulfs you!
No reachable target in view!
No reachable target in view!
Okay, then.
It was a potion of haste.
You feel yourself speed up.
You are engulfed in blazing flames.
Your blood congeals into armour.
You hit the fire crab but do no damage.
The fire crab is poisoned.
You are engulfed in blazing flames.
You hit the fire crab but do no damage.
The fire crab looks as sick as possible!
You are engulfed in blazing flames.
The fire crab breathes flames at you. The blast of flame misses you.
You barely miss the fire crab.
The fire crab is moderately wounded.
You are engulfed in blazing flames.
* * * LOW HITPOINT WARNING * * *
You hit the fire crab but do no damage.
The fire crab looks as sick as possible!
The fire crab is moderately wounded.
You are engulfed in blazing flames.
* * * LOW HITPOINT WARNING * * *
The fire crab completely misses you. The fire crab closely misses you.
You hit the fire crab but do no damage.
The fire crab looks as sick as possible!
The fire crab is moderately wounded.
You are engulfed in blazing flames.
* * * LOW HITPOINT WARNING * * *
The fire crab bites you but does no damage.
The fire crab claws you.
* * * LOW HITPOINT WARNING * * *
You are engulfed in flames!
You die...

##..≈○§≈.≈.##
#..°°y○≈≈.§.#
#[°°○○.§..#
#○#.#
####y.#####
######
#.........#.
.....#
#.#######...
...#.#
#t##...##...
##.#.#
#@##.........
.#.#.#######
#.##...##....
##.........#
#..>.........
.....#####.#
###.#.####.#
###### #.#
#....# #.#
#.#..# # #.#
#.##.###.# ##
#.#
#........#
.## ###.##
####.#####


You could see a fire crab (extremely poisoned).

Vanquished Creatures
  A boulder beetle (D:11)
  Pikel (D:4)
  A gargoyle (D:10)
  An unseen horror (D:10)
  Sigmund (D:4)
  6 yaks
  2 shadows
  2 wyverns
  A wraith (D:8)
  2 steam dragons
  Duvessa (D:7)
  An acid dragon (D:10)
  4 water moccasins
  2 orc warriors (D:9)
  Pargi (Sewer)
  A sky beast (D:7)
  2 black bears
  4 ice beasts
  4 ogres
  4 centaurs
  2 phantoms (D:5)
  A kobold brigand (D:6)
  3 bullfrogs (D:9)
  A gnoll sergeant (D:5)
  A scorpion (D:6)
  Dowan (D:7)
  3 wights (D:10)
  4 killer bees
  3 howler monkeys
  A lava snake (D:9)
  3 hounds
  Crazy Yiuf (D:2)
  A jelly (D:5)
  15 orc priests
  2 gnoll boudas
  4 iguanas
  3 orc wizards
  Ijyb (D:5)
  A mummy (D:10)
  Robin (D:2)
  16 gnolls
  4 adders
  4 white imps
  A dart slug (D:2)
  28 orcs
  5 bats
  7 endoplasms
  3 giant cockroaches
  11 goblins
  10 hobgoblins
  13 kobolds
  11 quokkas
  8 ball pythons
  4 frilled lizards
  24 rats
243 creatures vanquished.

Notes
Turn   | Place    | Note
-------+----------+-------------------------------------------
     0 | D:1      | grandjackal the Demonspawn Gladiator began the quest for
                  | the Orb.
     0 | D:1      | Reached XP level 1. HP: 16/16 MP: 1/1
     3 | D:1      | Found Doceci's Antique Weapon Emporium.
   113 | D:1      | Gained mutation: You regenerate a little health from kills.
                  | [demonic ancestry]
   113 | D:1      | Reached XP level 2. HP: 12/22 MP: 2/2
   329 | D:1      | Gained mutation: You regenerate health from kills. [demonic
                  | ancestry]
   329 | D:1      | Reached XP level 3. HP: 28/28 MP: 3/3
   821 | D:2      | Found a runed translucent door.
   822 | D:2      | Noticed Crazy Yiuf
  1201 | D:2      | Noticed Robin
  1237 | D:2      | Killed Robin
  1238 | D:2      | Gained mutation: You may rarely emit foul miasma when
                  | damaged in melee. [demonic ancestry]
  1238 | D:2      | Reached XP level 4. HP: 33/34 MP: 4/4
  2108 | D:3      | Found Mowesh's Distillery.
  2115 | D:3      | Bought 2 potions of heal wounds for 100 gold pieces
  2115 | D:3      | Bought a potion of lignification for 30 gold pieces
  2115 | D:3      | Bought a potion of curing for 30 gold pieces
  2115 | D:3      | Bought a potion of degeneration for 10 gold pieces
  2431 | D:4      | Gained mutation: When seriously injured, your blood forms
                  | armour. (AC +9) [demonic ancestry]
  2431 | D:4      | Reached XP level 5. HP: 26/41 MP: 5/5
  2489 | D:4      | Noticed Sigmund
  2732 | D:4      | Killed Sigmund
  2733 | D:4      | Gained mutation: When seriously injured, your blood forms
                  | thick armour. (AC +9) [demonic ancestry]
  2733 | D:4      | Reached XP level 6. HP: 41/48 MP: 3/6
  2854 | D:4      | Noticed Pikel
  2880 | D:4      | Killed Pikel
  2881 | D:4      | Gained mutation: You regenerate a lot of health from kills.
                  | [demonic ancestry]
  2881 | D:4      | Reached XP level 7. HP: 19/55 MP: 7/7
  3130 | D:5      | Entered Level 5 of the Dungeon
  3163 | D:5      | Reached skill level 5 in Long Blades
  3163 | D:5      | Reached skill level 5 in Dodging
  3163 | D:5      | Reached XP level 8. HP: 33/61 MP: 8/8
  3192 | D:5      | Reached skill level 5 in Fighting
  3192 | D:5      | Reached skill level 1 in Ranged Weapons
  3343 | D:5      | Noticed Ijyb
  3357 | D:5      | Killed Ijyb
  3456 | D:5      | Found a runed translucent door.
  3501 | D:5      | Noticed Wiilli's ghost (novice SpVM)
  3619 | D:5      | Found a glowing drain.
  3631 | Sewer    | Entered a sewer
  3686 | Sewer    | Noticed Pargi
  3700 | Sewer    | Killed Pargi
  3896 | D:5      | Found a runed translucent door.
  3909 | D:5      | Reached XP level 9. HP: 64/69 MP: 9/9
  3957 | D:5      | Found a staircase to the Ecumenical Temple.
  3964 | Temple   | Entered the Ecumenical Temple
  4199 | D:5      | Found an ornate altar of the Wu Jian Council.
  4342 | D:2      | Killed Crazy Yiuf
  5287 | D:7      | Noticed Dowan
  5288 | D:7      | Noticed Duvessa
  5309 | D:7      | Killed Dowan
  5319 | D:7      | Killed Duvessa
  5908 | D:7      | Reached skill level 5 in Ranged Weapons
  5908 | D:7      | Reached XP level 10. HP: 48/79 MP: 10/10
  7626 | D:9      | Found a burning altar of Makhleb.
  7628 | D:9      | Found a blossoming altar of Fedhas.
  7629 | D:9      | Found an ancient bone altar of Kikubaaqudgha.
  7634 | D:9      | Found a stormy altar of Qazlal.
  7635 | D:9      | Found a hide-covered altar of Uskayaw.
  7636 | D:9      | Found a sacrificial altar of Ru.
  7641 | D:9      | Found an iron altar of Okawaru.
  7643 | D:9      | Found a broken altar of Ashenzari.
  7652 | D:9      | Became a worshipper of Warmaster Okawaru
  7840 | D:9      | Reached skill level 1 in Invocations
  8200 | D:9      | Reached * piety under Okawaru
  8724 | D:10     | Entered Level 10 of the Dungeon
  8956 | D:10     | Noticed a gargoyle
  8961 | D:10     | Killed a gargoyle
  8961 | D:10     | Reached ** piety under Okawaru
  9000 | D:10     | Found a snail-covered altar of Cheibriados.
  9432 | D:11     | Noticed a boulder beetle
  9447 | D:11     | Killed a boulder beetle
  9447 | D:11     | Reached *** piety under Okawaru
  9448 | D:11     | Reached XP level 11. HP: 85/87 MP: 14/14
  9509 | D:11     | Identified the +0 scale mail of Recklessness {rN+ Regen+
                  | Str-3}
  9626 | D:11     | Noticed a fire crab
  9627 | D:11     | Found a staircase to the Lair.
  9644 | D:11     | Slain by a fire crab

Illustrated notes

Levels and vault maps discovered:
D:1:      dpeg_arrival_tiny_a, layout_loops_ring, serial_shops, shop,
          amcnicky_mini_pool_small
D:2:      layout_loops_ring, nicolae_concentric_dashed_squares_wild,
          minmay_misc_feat_columns, uniq_crazy_yiuf_cottage, uniq_robin
D:3:      layout_basic, serial_shops, nicolae_shop_industrial_runoff,
          minmay_misc_feat_plants, minmay_misc_feat_tiny, hex_tiny,
          hangedman_abyss_or_decor_lesser_grid, small_statue_intersection,
          minmay_rat_hole
D:4:      layout_rooms, uniq_pikel, uniq_sigmund
D:5:      layout_cave_pools, lemuel_coloured_pillars_altar,
          minmay_temple_entry_enclosed_plants, ebering_ghost_sewer_f,
          gup_sewer_entry_bubbles, uniq_ijyb
D:6:      layout_loops_ring
D:7:      minmay_recursive_quarters, layout_loops_ring, uniq_duvessa
D:8:      layout_loops_ring, serial_co_window_serial, co_window_paths_b,
          co_window_paths_a, co_window_cross_1, co_window_paths_b,
          co_window_paths_a, co_window_paths_a, co_window_paths_a,
          co_window_cross_1, co_window_corner_a, co_window_2corner,
          co_window_broadway_a, co_window_broadway_b, co_window_paths_e,
          glass_columns_a, glass_columns_b, glass_columns_a
D:9:      layout_gridville, nicolae_overflow_hallway_of_the_gods,
          kennysheep_doodads, minmay_hedge_maze
D:10:     layout_roguey, chei_slow_surprise, interstate_on_off, fountainhead
D:11:     layout_loops_corners, minmay_lair_entry_lava
Temple:   pf_slimified_temple

Skill      XL: |  1  2  3  4  5  6  7  8  9 10 |
---------------+-------------------------------+-----
Throwing       | 2 3 4 |  4.3
Long Blades    | 3 4 5 6 7 8 |  8.2
Dodging        | 3 4 5 6 7 8 |  8.2
Fighting       | 3 4 6 7 8 |  8.6
Ranged Weapons | 3 5 6 |  6.3
Invocations    | 4 |  4.8

Action                     |  1- 3 |  4- 6 |  7- 9 | 10-12 || total
---------------------------+-------+-------+-------+-------++-------
  Melee: Long sword        |   150 |   114 |    24 |    41 ||   329
         Punch             |     2 |     1 |     7 |     7 ||    17
         Dagger            |       |    71 |   460 |   430 ||   961
         Great sword       |       |       |       |     4 ||     4
  Throw: Throwing net      |       |       |     2 |       ||     2
  Evoke: Wand              |       |       |       |    10 ||    10
    Use: Potion            |       |       |     2 |     1 ||     3
         Scroll            |       |       |     5 |     4 ||     9
   Stab: Sleeping          |     1 |       |       |       ||     1
         Held in net/web   |       |       |     2 |       ||     2
 Armour: Leather armour    |    15 |       |       |       ||    15
         Ring mail         |    50 |    94 |   107 |       ||   251
         Skin              |       |       |    26 |       ||    26
         Troll leather arm |       |       |   109 |   161 ||   270
  Dodge: Dodged            |   159 |   206 |   421 |   517 ||  1303

Table legend: (Time is in decaauts)
 A = Elapsed time spent in this place.
 B = Non-inter-level travel time spent in this place.
 C = Inter-level travel time spent in this place.
 D = Time resting spent in this place.
 E = Time spent auto-exploring this place.
 F = Levels seen in this place.
 G = Mean time per level.
                   A        B        C        D        E       F      G
               +--------+--------+--------+--------+--------+-----+--------+
         Total |   9554 |   9109 |    445 |    706 |   5924 |  13 |  734.9 |
       Dungeon |   9358 |   8913 |    445 |    706 |   5798 |  11 |  850.7 |
        Temple |     15 |     15 |      0 |      0 |      0 |   1 |   15.0 |
         Sewer |    180 |    180 |      0 |      0 |    126 |   1 |  180.0 |
               +--------+--------+--------+--------+--------+-----+--------+

Top non-repeatable levels by time:
     D:7: 1277 daAuts
     D:3: 1105 daAuts
     D:8: 1070 daAuts
     D:9: 1057 daAuts
     D:2: 933 daAuts
     D:5: 932 daAuts
     D:6: 746 daAuts
     D:1: 741 daAuts
    D:10: 687 daAuts
     D:4: 601 daAuts
    D:11: 204 daAuts
   Sewer: 180 daAuts
  Temple: 15 daAuts
